 Dungeon Sprint DCSS version 0.30.1-11-g7821555f0a (webtiles) character file.

Game seed: 13434700758869138825

7 Groucho the Ducker (level 1, -1/10 HPs)
             Began as a Felid Monk on Dec 11, 2023.
             Slain by an iguana (11 damage)
             ... in the Dungeon (Sprint IX: "|||||||||||||||||||||||||||||").
             The game lasted 00:00:16 (144 turns).

Groucho the Ducker (Felid Monk)                      Turns: 144, Time: 00:00:16

Health: -1/10      AC:  1    Str:  7    XL:     1   Next: 83%
Magic:  2/3        EV: 19    Int: 11    God:
Gold:   0          SH:  0    Dex: 18    Spells: 0/0 levels left
                                        Lives:  0   Deaths: 0

rFire   . .          .
                       - Unarmed
rCold   . . .        (shield unavailable)
rNeg    . . .        (body armour unavailable)
rPois   .            (helmet unavailable)
rElec   .            (cloak unavailable)
rCorr   .            (gloves unavailable)
SInv    +            (boots unavailable)
Will    .....        (no amulet)
Stlth   ++           (no ring)
HPRegen 0.21/turn    (no ring)
MPRegen 0.08/turn

%: no teleportation
@: quick
A: very small, claws 1, fangs 3, see invisible, speed 1, shaggy fur 1, stealthy
paws, no weapons or thrown items, no armour, multi-lived
a: no special abilities


You were in the Dungeon.
You visited 1 branch

Inventory:

Scrolls
 g - a scroll of blinking
Potions
 a - a potion of ambrosia
 b - a potion of curing
 c - a potion of heal wounds
 d - a potion of haste
 e - 2 potions of magic
 f - a potion of berserk rage


   Skills:
 + Level 3.4 Fighting
 + Level 4.5 Dodging
 + Level 2.0 Stealth
 + Level 3.4 Unarmed Combat
 + Level 1.3 Invocations


You couldn't memorise any spells.
You didn't know any spells.
Your spell library was empty.

Dungeon Overview and Level Annotations

Branches:
Dungeon (1/1)

Altars:


Innate Abilities, Weirdness & Mutations

You have sharp claws.
You have razor-sharp teeth.
You have supernaturally acute eyesight. (SInv)
You cover ground quickly. (Speed+)
You are covered in fur. (AC +1)
Your paws help you pounce on unaware monsters.
You are incapable of wielding weapons or throwing items.
You cannot wear armour.
You gain extra lives every three experience levels.


Message History

The ball python bites you. The ball python constricts you.
You scratch the ball python but do no damage.
You claw the ball python.
You kill the ball python!
No target in view!
No target in view!
No target in view!
You start resting.
HP restored.
You start waiting.
Done waiting.
Things that are here:
a jackal corpse; a ball python corpse You open the door.
A jackal, an iguana, an ufetubus, a scorpion and an adder come into view.
There is an open door here.
The helpless jackal fails to defend itself.
You claw the jackal!
You kill the jackal!
Your Stealth skill increases to level 2!
The adder hisses angrily.
You see here a jackal corpse.
The helpless iguana fails to defend itself.
You claw the iguana!
The iguana is heavily wounded.
The iguana closely misses you.
You closely miss the iguana.
The iguana is heavily wounded.
The iguana closely misses you.
You scratch the iguana but do no damage.
The iguana is heavily wounded.
The iguana completely misses you.
You scratch the iguana but do no damage.
The iguana is heavily wounded.
The iguana closely misses you.
You closely miss the iguana.
The iguana is heavily wounded.
The iguana bites you!
Ouch! That really hurt!
You die...

▓.▓
▓'▓
▓†▓
▓.▓
▓.▓
▓.▓
▓.▓
▓'▓
▓@▓
▓l▓
▓5▓
▓s▓
▓S▓
▓+▓


You could see a scorpion, an iguana, an adder and an ufetubus.

Vanquished Creatures
  A hobgoblin (D)
  2 jackals (D)
  2 ball pythons (D)
  A bat (D)
6 creatures vanquished.

Notes
Turn   | Place    | Note
-------+----------+-------------------------------------------
     0 | D        | Groucho the Felid Monk began the quest for the Orb.
     0 | D        | Reached XP level 1. HP: 10/10 MP: 2/2
     7 | D        | Reached skill level 1 in Stealth
    12 | D        | Reached skill level 1 in Invocations
   136 | D        | Noticed an iguana
   136 | D        | Noticed a scorpion
   144 | D        | Slain by an iguana

Illustrated notes

Levels and vault maps discovered:
D:        linesprint [early_d, line_temple, items_1, d_10, items_2, lair_1,
          lair_end, items_3, orc_1, orc_end, items_4, d_15, swamp_1, shoals_1,
          snake_1, spider_1, d_20, vaults_1, items_5, swamp_end, shoals_end,
          snake_end, spider_end, vaults_end, d_27, items_6, zot_1, zot_end,
          crypt_end, forest_end, elf_end, slime_end, tomb_end, abyss_end,
          pan_hell_end]

Skill      XL: |  1 |
---------------+----+-----
Stealth        | 2 |  2.0
Invocations    | 1 |  1.3
Fighting       | |  3.4
Dodging        | |  4.5
Unarmed Combat | |  3.4

Action                     || total
---------------------------++-------
  Melee: Unarmed           ||    16
         Punch             ||     2
         Bite              ||     2
   Stab: Sleeping          ||     3
  Dodge: Dodged            ||     9
